 Dungeon Crawl Stone Soup version 0.22-a0-402-ga933591 (webtiles) character file.

8334 epen the Fighter (level 11, -2/99 HPs)
             Began as a White Draconian Abyssal Knight on May 6, 2018.
             Was an Elder of Lugonu.
             Slain by a wolf (3 damage)
             ... on level 1 of the Lair of Beasts.
             The game lasted 00:20:25 (10210 turns).

epen the Fighter (White Draconian Abyssal Knight)  Turns: 10210, Time: 00:20:26

Health: -2/99      AC: 10    Str: 19    XL:     11   Next: 8%
Magic:  18/18      EV:  2    Int: 13    God:    Lugonu [****..]
Gold:   409        SH:  0    Dex: 13    Spells: 10/10 levels left

rFire    . . .     SeeInvis .   e - +1 scimitar (flame)
rCold    + + .     Gourm    .   (no shield)
rNeg     + + +     Faith    +   (armour unavailable)
rPois    ∞         Spirit   .   g - +0 hat
rElec    .         Reflect  .   (no cloak)
rCorr    .         Harm     .   p - +0 pair of gloves
MR       .....                  s - +1 pair of boots
Stlth    +.........             l - amulet of faith
HPRegen  0.26/turn              c - ring of protection from cold
MPRegen  0.16/turn              A - +4 ring of strength

@: petrified
A: breathe frost, unfitting armour, cold resistance 1, cold-blooded, AC +7
a: Breathe Frost, Depart the Abyss, Bend Space, Banish, Corrupt, Renounce
Religion


You were on level 1 of the Lair of Beasts.
You worshipped Lugonu.
Lugonu was greatly pleased with you.
You were hungry.

You visited 2 branches of the dungeon, and saw 11 of its levels.
You visited the Abyss 1 time.

You collected 409 gold pieces.

Inventory:

Hand Weapons
 a - a +1 falchion of draining
 e - a +1 scimitar of flaming (weapon)
 i - a +2 dagger of speed
 G - a +2 dagger of draining
Missiles
 y - 2 curare-tipped needles
 E - 4 throwing nets (quivered)
Armour
 g - a +0 hat (worn)
 p - a +0 pair of gloves (worn)
 s - a +1 pair of boots (worn)
Jewellery
 c - a ring of protection from cold (left hand)
 l - an amulet of faith (around neck)
 m - an uncursed amulet of magic regeneration {unknown}
 t - an uncursed amulet of regeneration {unknown}
 A - a +4 ring of strength (right hand)
Wands
 j - a wand of digging (30)
 I - a wand of iceblast (4)
 K - a wand of flame (21)
Scrolls
 d - 7 scrolls of teleportation
 f - 9 scrolls of identify
 h - 3 scrolls of noise
 k - 2 scrolls of magic mapping
 n - 5 scrolls of remove curse
 w - 2 scrolls of vulnerability
 C - 5 scrolls of amnesia
 H - 2 scrolls of fear
Potions
 o - 7 potions of curing
 q - a potion of lignification
 r - a potion of cancellation
 u - 2 potions of flight
 v - a potion of might
 x - 3 potions of heal wounds
 z - a potion of mutation {unknown}
 B - a potion of invisibility {unknown}
Comestibles
 b - 21 rations


   Skills:
 + Level 10.0 Fighting
 + Level 8.9 Long Blades
 + Level 8.2 Dodging
 + Level 9.6 Invocations


You had 10 spell levels left.
You didn't know any spells.

Dungeon Overview and Level Annotations

Branches:
Dungeon (10/15)            Temple (0/1) D:5            Lair (1/6) D:9
    Orc: D:9-12

Altars:
Cheibriados
Elyvilon
Kikubaaqudgha
Okawaru
Wu Jian

Annotations:
Abyss:1 Duvessa, Prince Ribbit


Innate Abilities, Weirdness & Mutations

You can breathe waves of freezing cold.
You can buffet flying creatures when you breathe cold.
Your icy white scales are hard. (AC +7)
You cannot fit into any form of body armour.
Your flesh is cold resistant. (rC+)
You are cold-blooded and may be slowed by cold attacks.


Message History

The wolf bites you.
* * * LOW HITPOINT WARNING * * *
The wolf bites you.
* * * LOW HITPOINT WARNING * * *
The wolf bites you.
The bullfrog hits you but does no damage.
The wolf bites you but does no damage. x2; The wolf bites you.
* * * LOW HITPOINT WARNING * * *
The wolf bites you but does no damage. The bullfrog hits you.
* * * LOW HITPOINT WARNING * * *
The wolf bites you but does no damage. The wolf bites you!
* * * LOW HITPOINT WARNING * * *
The wolf bites you.
* * * LOW HITPOINT WARNING * * *
The wolf bites you!
* * * LOW HITPOINT WARNING * * *
The wolf bites you.
* * * LOW HITPOINT WARNING * * *
The wolf bites you.
You die...

#.#.#.#.# # ........##
#######.#
.#.#.#.#.#.P###.........
......†....'............
.#.#.#.#.#.##...........
.......####.........
.#.#.#.#.# ##.........
......hhh# #..........
+......h@.# ##.).......
#......F..# #.........
##.###.#### #.÷.......
#.. ##÷####.## ##
###...P### ##..##.###
###........###
#............#
#.#........#.#


You could see 4 wolves and a bullfrog.

Vanquished Creatures
  A hydra (Lair:1)
  A two-headed ogre (D:9)
  Erica (D:8)
  Sigmund (D:4)
  A wyvern (D:8)
  3 yaks (D:7)
  A basilisk (Lair:1)
  2 porcupines (D:9)
  2 sky beasts
  An orc warrior (D:9)
  2 ice beasts
  5 ogres
  A centaur (D:5)
  3 crocodiles
  2 big kobolds
  3 bullfrogs
  Dowan (D:5)
  4 scorpions
  4 killer bees (D:8)
  5 wights (D:9)
  4 howler monkeys
  2 bullfrog zombies (D:6)
  3 crimson imps
  A jelly (D:5)
  3 orc priests
  9 orc wizards
  4 hounds
  3 bullfrog skeletons
  A centaur skeleton (D:7)
  2 worker ants
  2 hound zombies
  A hound skeleton (D:6)
  2 worker ant zombies (D:6)
  6 adders
  2 shadow imps
  2 oozes
  2 adder zombies
  2 adder skeletons
  2 worms
  5 dart slugs
  7 leopard geckos
  22 orcs
  3 ball pythons
  5 bats
  6 goblins
  6 hobgoblins
  28 jackals
  17 kobolds
  4 quokkas
  11 frilled lizards
  A quokka skeleton (D:8)
  8 rats
220 creatures vanquished.

Vanquished Creatures (others)
  2 two-headed ogres (D:9)
  The ghost of George the Carver, a novice DsGl of Okawaru (D:7)
  The ghost of Thaneod the Cleaver, a novice VSFi (D:8)
  A hungry ghost (D:6)
  An orc warrior (D:8)
  An ogre (D:6)
  5 killer bees
  An electric eel (D:6)
  2 jellies
  An orc priest (D:4)
  An orc wizard (D:7)
17 creatures vanquished.

Grand Total: 237 creatures vanquished

Notes
Turn   | Place    | Note
-------+----------+-------------------------------------------
     0 | Abyss:1  | epen the Draconian Abyssal Knight began the quest for the Orb.
     0 | Abyss:1  | Reached XP level 1. HP: 19/19 MP: 2/2
    11 | D:1      | Escaped the Abyss
    39 | D:1      | Reached XP level 2. HP: 14/26 MP: 3/3
   622 | D:1      | Reached XP level 3. HP: 30/33 MP: 4/4
   951 | D:2      | Found an ornate altar of the Wu Jian Council.
  1221 | D:2      | Reached ** piety under Lugonu
  1262 | D:2      | Reached XP level 4. HP: 36/40 MP: 6/6
  1672 | D:3      | Reached skill level 4 in Fighting
  2102 | D:3      | Found an iron altar of Okawaru.
  2210 | D:3      | Noticed an ogre
  2227 | D:3      | Killed an ogre
  2227 | D:3      | Reached XP level 5. HP: 43/47 MP: 7/7
  2296 | D:3      | Reached *** piety under Lugonu
  2656 | D:4      | Found a snail-covered altar of Cheibriados.
  2668 | D:4      | Reached XP level 6. HP: 51/53 MP: 8/8
  2943 | D:4      | Noticed Sigmund
  2991 | D:4      | Killed Sigmund
  2991 | D:4      | Reached skill level 5 in Fighting
  3264 | D:4      | Your scales start taking on an icy white colour.
  3264 | D:4      | Reached XP level 7. HP: 61/61 MP: 10/10
  3264 | D:4      | Gained mutation: Your flesh is cold resistant. (rC+) [White Draconian growth]
  4103 | D:5      | Entered Level 5 of the Dungeon
  4112 | D:5      | Found a staircase to the Ecumenical Temple.
  4347 | D:5      | Reached skill level 5 in Invocations
  4448 | D:5      | Noticed Duvessa
  4448 | D:5      | Noticed Dowan
  4459 | D:5      | Banished Duvessa
  4473 | D:5      | Killed Dowan
  4633 | D:5      | Reached skill level 6 in Fighting
  4724 | D:5      | Reached skill level 5 in Long Blades
  4724 | D:5      | Reached XP level 8. HP: 70/70 MP: 12/12
  5135 | D:6      | Found a white marble altar of Elyvilon.
  5191 | D:6      | Reached **** piety under Lugonu
  5219 | D:6      | Reached skill level 5 in Dodging
  6407 | D:8      | Reached skill level 7 in Fighting
  6499 | D:8      | Reached XP level 9. HP: 77/79 MP: 14/14
  6519 | D:8      | Noticed Prince Ribbit
  6579 | D:8      | Banished Prince Ribbit
  6650 | D:8      | Noticed Thaneod's ghost (novice VSFi)
  6808 | D:7      | Noticed George's ghost (novice DsGl)
  6808 | D:7      | Banished George's ghost
  6930 | D:7      | Found an ancient bone altar of Kikubaaqudgha.
  7329 | D:7      | Reached skill level 8 in Fighting
  7707 | D:8      | Noticed Erica
  7716 | D:8      | Killed Erica
  7716 | D:8      | Reached XP level 10. HP: 74/90 MP: 14/16
  7835 | D:8      | Banished Thaneod's ghost
  8220 | D:9      | Reached skill level 9 in Fighting
  8713 | D:9      | Noticed a two-headed ogre
  8728 | D:9      | Killed a two-headed ogre
  8803 | D:9      | Noticed a two-headed ogre
  8803 | D:9      | Banished a two-headed ogre
  9175 | D:9      | Noticed a two-headed ogre
  9180 | D:9      | Banished a two-headed ogre
  9400 | D:9      | Found a staircase to the Lair.
  9771 | D:10     | Entered Level 10 of the Dungeon
  9793 | D:10     | Noticed a gargoyle
  9795 | D:10     | Noticed a two-headed ogre
  9843 | Lair:1   | Entered Level 1 of the Lair of Beasts
  9879 | Lair:1   | Noticed a five-headed hydra
  9892 | Lair:1   | Killed a two-headed hydra
  9892 | Lair:1   | Reached skill level 10 in Fighting
  9892 | Lair:1   | Reached XP level 11. HP: 26/99 MP: 18/18
 10210 | Lair:1   | HP: 4/99 [wolf (4)]
 10210 | Lair:1   | HP: 1/99 [wolf (3)]
 10210 | Lair:1   | Slain by a wolf

Vault maps used:
D:1:      dpeg_arrival_line_fractal
D:2:      overflow_temple_1_default, first_ration
D:3:      kennysheep_okawaru_gauntlet
D:4:      kennysheep_slug_shrine, hangedman_decor_points, uniq_sigmund
D:5:      minmay_temple_entry_glass, uniq_duvessa
D:6:      cheibrodos_helix_gallery, lemuel_doored_altar
D:7:      kiku_gazebo_garden_becter
D:8:      uniq_prince_ribbit1, uniq_erica
D:9:      grunt_lair_entry_orc_guard_hut
D:10:     uniq_erolcha
Lair:1:   st_stairs_9

Skill      XL: |  1  2  3  4  5  6  7  8  9 10 |
---------------+-------------------------------+-----
Fighting       | 4 5 6 7 8 10 | 10.0
Invocations    | 3 4 5 6 8 9 |  9.6
Long Blades    | 3 4 5 6 7 8 |  8.9
Dodging        | 3 4 5 7 8 |  8.2

Action                   |  1- 3 |  4- 6 |  7- 9 | 10-12 || total
-------------------------+-------+-------+-------+-------++-------
Melee: Falchion          |   108 |       |       |       ||   108
       Tailslap          |    10 |    44 |   140 |    22 ||   216
       Dagger            |    21 |   279 |   855 |       ||  1155
       Scimitar          |       |       |       |   152 ||   152
Invok: Banish            |       |       |    14 |     4 ||    18
       Bend Space        |       |       |       |     1 ||     1
 Abil: Breathe Frost     |       |       |    11 |     1 ||    12
  Use: Potion            |       |     6 |     1 |       ||     7
       Scroll            |       |       |    15 |     5 ||    20
 Stab: Sleeping          |       |       |     1 |       ||     1
  Eat: Chunk             |     1 |     7 |    17 |     6 ||    31
       Ration            |       |       |     1 |     1 ||     2
Armor: Skin              |    35 |    36 |   170 |    65 ||   306
Dodge: Dodged            |   111 |   107 |   382 |   103 ||   703
       Rpst.: Falchion   |    23 |       |       |       ||    23
       Scimitar          |       |       |       |    25 ||    25

Table legend:
 A = Spawn XP
 B = Non-spawn XP
 C = Spawn XP percentage of total XP
 D = Spawn monster count
 E = Non-spawn monster count
 F = Spawn count percentage of total count
 G = Total turns spent on level
                    A         B        C        D         E        F      G
               +---------+---------+-------+---------+---------+-------+---------
         Total |       0 |   11907 |   0.0 |       0 |     239 |   0.0 | 10210
               +---------+---------+-------+---------+---------+-------+---------
           D:1 |       0 |      53 |   0.0 |       0 |      28 |   0.0 |   576
           D:2 |       0 |      54 |   0.0 |       0 |      17 |   0.0 |  1042
           D:3 |       0 |     203 |   0.0 |       0 |      30 |   0.0 |   954
           D:4 |       0 |     585 |   0.0 |       0 |      21 |   0.0 |  1520
           D:5 |       0 |     576 |   0.0 |       0 |      14 |   0.0 |   884
           D:6 |       0 |     929 |   0.0 |       0 |      28 |   0.0 |  1291
           D:7 |       0 |    1466 |   0.0 |       0 |      32 |   0.0 |   996
           D:8 |       0 |    2879 |   0.0 |       0 |      34 |   0.0 |   930
           D:9 |       0 |    3770 |   0.0 |       0 |      29 |   0.0 |  1607
          D:10 |       0 |       6 |   0.0 |       0 |       2 |   0.0 |    32
        Lair:1 |       0 |    1386 |   0.0 |       0 |       4 |   0.0 |   367
               +---------+---------+-------+---------+---------+-------+---------
